 Dungeon Crawl Stone Soup version 0.20.1-1-g8b1a95d (webtiles) character file.

147 n0ize the Skirmisher (level 5, 0/46 (47) HPs)
             Began as a Ghoul Fighter on Aug 19, 2017.
             Slain by Agrougrou's ghost (10 damage)
             ... on level 3 of the Dungeon.
             The game lasted 00:02:46 (2009 turns).

n0ize the Skirmisher (Ghoul Fighter)                Turns: 2009, Time: 00:02:47

HP:   0/46 (47)     AC: 11    Str: 20    XL:     5   Next: 29%
MP:   4/4           EV:  5    Int:  3    God:
Gold: 148           SH:  9    Dex:  9    Spells: 4/4 levels left

rFire    . . .     SeeInvis .   a - +0 war axe
rCold    + . .     Gourm    .   c - +0 shield
rNeg     + + +     Faith    .   n - +0 chain mail
rPois    ∞         Spirit   .   (no helmet)
rElec    .         Reflect  .   d - +0 cloak
rCorr    .         Harm     .   (no gloves)
MR       .....                  o - +0 pair of boots
Stlth    ..........             (no amulet)
Regen    0.0/turn               (no ring)
MPRegen  0.1/turn               (no ring)

@: rotting
A: rotting body, claws 1, carnivore 3, cold resistance 1, negative energy
resistance 3, inhibited regeneration, torment resistance, unbreathing
a: no special abilities


You were on level 3 of the Dungeon.
You were not hungry.

You visited 1 branch of the dungeon, and saw 3 of its levels.

You collected 148 gold pieces.

Inventory:

Hand Weapons
 a - a +0 war axe (weapon)
Missiles
 j - 53 stones (quivered)
 s - 21 bolts
 u - 5 sling bullets
Armour
 b - a +0 scale mail
 c - a +0 shield (worn)
 d - a +0 cloak (worn)
 n - a +0 chain mail (worn)
 o - a +0 pair of boots (worn)
Jewellery
 l - an uncursed ring of see invisible {unknown}
Scrolls
 e - a scroll of magic mapping {unknown}
 g - 4 scrolls of enchant armour {unknown}
 i - 5 scrolls of identify {unknown}
 k - 2 scrolls of remove curse {unknown}
 p - a scroll of enchant weapon {unknown}
 r - 3 scrolls of teleportation {unknown}
Potions
 m - a potion of curing {unknown}
 t - a potion of brilliance {unknown}
Comestibles
 f - 2 meat rations
 q - 2 royal jellies


   Skills:
 * Level 4.6 Fighting
 * Level 3.1 Axes
 + Level 3.1 Armour
 + Level 3.2 Shields


You had 4 spell levels left.
You didn't know any spells.

Dungeon Overview and Level Annotations

Branches:
Dungeon (3/15)

Altars:
Qazlal

Annotations:
D:3 Agrougrou's ghost, amateur BaFi


Innate Abilities, Weirdness & Mutations

Your body is rotting away.
You thrive on raw meat.
You are immune to poison.
You have sharp fingernails.
You are carnivorous and can eat meat at any time.
Your flesh is cold resistant. (rC+)
You are immune to negative energy. (rN+++)
You do not regenerate when monsters are visible.
You are immune to unholy pain and torment.
You can survive without breathing.


Message History

You block Agrougrou's ghost's attack. x2
Your magical contamination has completely faded away.
You hit Agrougrou's ghost but do no damage.
Agrougrou's ghost is almost destroyed.
Agrougrou's ghost hits you but does no damage.
You hit Agrougrou's ghost but do no damage.
Agrougrou's ghost is almost destroyed.
Agrougrou's ghost hits you but does no damage. x2
You hit Agrougrou's ghost.
Agrougrou's ghost is almost destroyed.
Agrougrou's ghost hits you.
* * * LOW HITPOINT WARNING * * *
You hit Agrougrou's ghost but do no damage.
Agrougrou's ghost is almost destroyed.
You block Agrougrou's ghost's attack.
Agrougrou's ghost hits you but does no damage.
You hit Agrougrou's ghost but do no damage.
Agrougrou's ghost is almost destroyed.
Agrougrou's ghost hits you!
You die...

......#...# ..#...#.
.#..#...#...#...#...#.
..#...#...#...#...#...#
....#...#...#...#...#..
..#...#...#..!#...#[..#.
....#...#...#...#...#....
..#...#...#...#...#...#.#
....#...#...#..W#...#...#
..#.).#...#...#.@.#...#
....#...#...#...#...#
..#...#...#...#...#...#
....#...#...#...#...#...#
..#...#...#...#...#...#.#
.#..#...#...#...#...#..##
.#....#...#...#...#..###
##.###..#...#...#..###
#.# ###..#...#....#


You could see Agrougrou's ghost.

Vanquished Creatures
  Crazy Yiuf (D:2)
  Terence (D:2)
  3 adders
  3 worms
  2 dart slugs
  2 giant cockroaches
  8 goblins
  9 hobgoblins
  4 jackals
  A ball python (D:2)
  5 bats
  4 frilled lizards
  4 kobolds (D:1)
  9 rats
56 creatures vanquished.

Notes
Turn   | Place    | Note
-------+----------+-------------------------------------------
     0 | D:1      | n0ize the Ghoul Fighter began the quest for the Orb.
     0 | D:1      | Reached XP level 1. HP: 19/19 MP: 0/0
   177 | D:1      | Reached XP level 2. HP: 12/25 MP: 1/1
   376 | D:1      | Reached XP level 3. HP: 31/31 MP: 2/2
   887 | D:2      | Reached skill level 4 in Fighting
   887 | D:2      | Reached XP level 4. HP: 35/40 MP: 3/3
   888 | D:2      | Noticed Terence
   902 | D:2      | Killed Terence
   911 | D:2      | Found a stormy altar of Qazlal.
  1118 | D:2      | Found a runed door.
  1271 | D:2      | Noticed Crazy Yiuf
  1279 | D:2      | Killed Crazy Yiuf
  1279 | D:2      | Reached XP level 5. HP: 19/47 MP: 4/4
  1970 | D:3      | Noticed Agrougrou's ghost (amateur BaFi)
  2009 | D:3      | Slain by Agrougrou's ghost

Skill      XL: |  1  2  3  4 |
---------------+-------------+-----
Axes           | 2 3 |  3.1
Fighting       | 4 |  4.6
Shields        | 3 |  3.2
Armour         | 3 |  3.1

Action                   |  1- 3 |  4- 6 || total
-------------------------+-------+-------++-------
Melee: War axe           |   119 |   115 ||   234
  Use: Potion            |       |     2 ||     2
 Stab: Invisible         |       |     1 ||     1
  Eat: Chunk             |    11 |    11 ||    22
Armor: Scale mail        |    66 |     3 ||    69
       Chain mail        |       |    61 ||    61
Dodge: Dodged            |    43 |    26 ||    69
Block: Shield            |    61 |    64 ||   125
